Map: NaturalFortress

Players

MrDioVkrad - Winner!

  • Race: Terran Terran

Dimmx - Winner!

  • Race: Protoss Protoss

Aktsirefa - Winner!

  • Race: Zerg Zerg

ИИ 3 (мастер)

  • Race: Terran Terran

ИИ 4 (мастер)

  • Race: Zerg Zerg

ИИ 5 (мастер)

  • Race: Protoss Protoss

VOD

Have the link to the VOD?

Description

Time

  • Played on: Nov. 6, 2026, 4:30 p.m.
  • Length: 27:52
Show
View Real Time Build Order
Export as new Build Order

MrDioVkrad Terran - Winner!

Build Orders: Banshee Rush 

Get SALT Encoding   

  12  0:00  SCV  
  13  0:12  SCV  
  14  0:21  Supply Depot  
  14  0:25  SCV  
  15  0:43  SCV, Supply Depot  
  15  0:45  Barracks  
  16  0:53  Unknown  
  16  0:55  SCV  
  16  0:56  Unknown  
  17  1:07  SCV  
  17  1:10  Unknown  
  18  1:19  SCV  
  19  1:31  SCV, Command Center  
  20  1:44  Orbital Command  
  20  1:51  Factory  
  20  2:22  SCV  
  21  2:34  SCV  
  21  2:36  Starport  
  22  2:42  Armory  
  22  2:46  SCV  
  23  2:58  SCV  
  24  3:04  Orbital Command  
  24  3:10  SCV  
  25  3:13  Starport Tech Lab  
  25  3:15  Starport, Factory Tech Lab  
  25  3:22  SCV  
  26  3:30  Terran Vehicle And Ship Armor Level 1  
  26  3:31  Starport  
  26  3:34  SCV  
  26  3:41  Cloaking Field  
  27  3:46  SCV  
  28  3:54  SCV  
  28  3:55  Armory  
  29  3:58  SCV  
  30  4:05  Starport Tech Lab  
  30  4:06  SCV  
  30  4:07  Starport Tech Lab  
  30  4:08  Starport  
  31  4:11  SCV  
  32  4:18  SCV  
  32  4:23  SCV  
  34  4:30  SCV  
  35  4:35  SCV  
  35  4:38  Banshee x2  
  39  4:42  SCV  
  39  4:43  Fusion Core, Banshee  
  46  4:46  Starport Tech Lab  
  46  4:47  Starport  
  46  4:56  Hyperflight Rotors  
  46  5:03  Unknown  
  46  5:05  Unknown  
  46  5:08  Unknown  
  46  5:21  Supply Depot  
  46  5:24  Starport, Terran Vehicle Weapons Level 1, Terran Ship Weapons Level 1  
  46  5:38  Supply Depot  
  46  5:42  Banshee x2  
  46  5:44  Supply Depot  
  52  5:59  Starport Tech Lab x2  
  52  6:00  Supply Depot  
  52  6:02  Weapon Refit  
  52  6:03  Starport  
  52  6:04  SCV  
  52  6:07  Supply Depot, SCV  
  54  6:16  SCV  
  55  6:19  SCV  
  56  6:28  Supply Depot, SCV  
  56  6:30  Supply Depot  
  56  6:32  SCV  
  58  6:39  Starport Tech Lab  
  58  6:40  Starport, SCV  
  58  6:44  SCV  
  58  6:45  Battlecruiser  
  58  6:46  Battlecruiser x3  
  84  6:50  Battlecruiser  
  84  6:52  Supply Depot  
  84  6:53  SCV  
  91  6:56  SCV  
  92  7:18  Terran Vehicle And Ship Armor Level 2  
  92  7:20  SCV x2  
  94  7:26  Starport Tech Lab  
  94  7:29  Battlecruiser x2  
  106  7:32  SCV x2  
  108  7:40  Supply Depot  
  108  7:44  SCV x2  
  110  8:02  SCV x2, Supply Depot  
  112  8:14  SCV x2  
  114  8:24  Supply Depot  
  114  8:26  SCV x2  
  116  8:38  SCV x2  
  118  8:50  SCV x2  
  120  8:56  Command Center  
  120  8:57  Unknown  
  120  8:58  Supply Depot, Unknown  
  120  9:02  SCV x2  
  122  9:11  Unknown  
  122  9:12  Battlecruiser x2  
  134  9:19  Unknown  
  134  9:20  Battlecruiser  
  134  9:23  SCV  
  134  9:24  SCV  
  142  9:31  Supply Depot  
  142  9:32  Supply Depot  
  142  9:38  Supply Depot  
  142  9:52  SCV x2, Battlecruiser  
  150  9:54  Battlecruiser  
  150  9:59  Battlecruiser  
  162  10:01  Supply Depot  
  162  10:04  Supply Depot, SCV x2  
  164  10:07  Battlecruiser x2  
  164  10:13  Engineering Bay  
  176  10:16  SCV x2  
  178  10:23  Battlecruiser  
  178  10:24  Supply Depot  
  178  10:26  Battlecruiser x2  
  196  10:29  SCV  
  196  10:31  Supply Depot  
  197  10:41  SCV  
  196  10:43  SCV  
  196  10:45  Planetary Fortress  
  196  10:47  Supply Depot  
  197  10:53  Supply Depot, SCV  
  197  10:55  SCV  
  199  11:05  SCV  
  199  11:10  Supply Depot  
  200  11:17  Supply Depot  
  200  11:18  SCV  
  195  11:39  Supply Depot  
  177  12:02  Supply Depot  
  177  12:04  Viking x8  
  178  12:34  Viking x8  
  194  12:51  Unknown  
  194  12:53  Unknown  
  194  12:54  Neosteel Armor  
  194  12:57  Missile Turret  
  194  13:04  Viking x3  
  200  13:07  Missile Turret  
  200  13:16  Supply Depot, Missile Turret  
  196  13:26  Missile Turret  
  194  13:34  Viking x3  
  178  13:37  Missile Turret  
  178  13:39  Supply Depot  
  166  13:45  Missile Turret  
  150  13:57  Missile Turret  
  150  14:01  Supply Depot  
  150  14:03  Viking  
  150  14:04  Viking x2  
  150  14:08  Banshee x3  
  150  14:09  Banshee x2  
  171  14:16  Missile Turret  
  171  14:30  SCV  
  172  14:34  Battlecruiser x3, Hi-Sec Auto Tracking  
  172  14:35  Missile Turret  
  188  14:42  SCV x3  
  191  14:51  Banshee x3  
  164  15:34  Banshee x3  
  151  15:38  Banshee x3  
  129  16:17  Banshee x3  
  138  16:20  Banshee x2  
  138  16:21  Banshee x3  
  124  16:59  Banshee x2  
  124  17:00  Banshee, Terran Vehicle And Ship Armor Level 3  
  133  17:02  Terran Ship Weapons Level 2  
  133  17:03  Banshee x3  
  133  17:04  Banshee x2  
  130  17:42  Banshee x3  
  137  17:46  Banshee x4  
  137  17:47  Banshee  
  129  18:23  Smart Servos  
  129  18:25  Banshee x3  
  138  18:29  Banshee x5  
  153  18:44  SCV  
  153  18:46  SCV x2  
  156  18:57  SCV  
  156  18:58  SCV x2  
  159  19:08  Banshee x3  
  159  19:09  SCV  
  169  19:10  SCV  
  169  19:11  SCV  
  169  19:12  Banshee x5  
  186  19:21  SCV  
  186  19:23  SCV x2  
  189  19:33  SCV  
  189  19:35  SCV x2  
  189  19:51  Battlecruiser x2  
  171  20:16  Viking x5  
  171  20:17  Viking  
  141  20:29  Unknown  
  138  20:46  Viking x5  
  138  20:47  Viking  
  150  20:55  Viking x2  
  154  21:14  Missile Turret  
  154  21:16  Viking x3, Battlecruiser  
  154  21:17  Battlecruiser x2  
  190  21:25  Battlecruiser x2  
  186  21:33  Missile Turret  
  173  21:46  Battlecruiser x3  
  180  22:21  Battlecruiser x3  
  188  22:44  Raven x2  
  192  22:50  Battlecruiser  
  198  22:56  Command Center  
  198  23:18  Raven  
  194  23:52  Battlecruiser  
  172  24:10  Unknown  
  169  24:18  Battlecruiser  
  169  24:19  Battlecruiser x4  
  199  24:35  Unknown  
  195  24:56  Battlecruiser  
  195  24:58  Unknown  
  194  26:01  Battlecruiser  
Show
View Real Time Build Order
Export as new Build Order

Dimmx Protoss - Winner!

Build Orders: 1 Gate Expand 

Get SALT Encoding   

  12  0:01  Probe  
  13  0:13  Probe  
  14  0:19  Pylon  
  14  0:33  Probe  
  15  0:45  Probe  
  16  0:51  Gateway  
  16  1:02  Forge  
  16  1:09  Nexus  
  16  1:16  Unknown  
  16  1:23  Unknown, Probe  
  17  1:26  Unknown  
  17  1:35  Probe  
  18  1:40  Photon Cannon  
  18  1:45  Cybernetics Core  
  18  1:51  Pylon  
  18  1:56  Pylon  
  18  2:00  Probe  
  19  2:12  Probe  
  20  2:24  Probe  
  21  2:36  Stargate  
  21  2:37  Probe, Stargate  
  22  2:43  Probe  
  23  2:49  Probe  
  23  2:50  Stalker, Unknown  
  26  2:53  Unknown  
  26  2:55  Probe  
  27  3:01  Probe  
  28  3:06  Protoss Air Weapons Level 1  
  28  3:07  Probe  
  29  3:13  Probe  
  29  3:16  Photon Cannon  
  30  3:25  Probe  
  31  3:31  Pylon  
  31  3:34  Pylon  
  31  3:36  Unknown  
  31  3:45  Probe  
  32  3:50  Probe  
  32  3:55  Void Ray  
  37  3:56  Void Ray  
  37  3:57  Probe  
  37  4:02  Probe  
  43  4:06  Robotics Facility  
  43  4:07  Robotics Facility  
  43  4:12  Pylon  
  43  4:15  Pylon  
  43  4:16  Probe  
  44  4:24  Stalker  
  46  4:27  Probe  
  46  4:28  Probe  
  48  4:39  Probe  
  48  4:40  Photon Cannon  
  48  4:42  Photon Cannon  
  49  4:51  Probe  
  48  5:04  Void Ray x2  
  56  5:13  Photon Cannon  
  56  5:14  Photon Cannon  
  54  5:15  Photon Cannon  
  54  5:50  Robotics Bay  
  54  6:19  Fleet Beacon  
  54  6:24  Pylon  
  54  6:27  Pylon  
  54  6:28  Probe  
  54  6:30  Pylon  
  55  6:37  Void Ray  
  55  6:38  Void Ray  
  63  6:40  Probe x2  
  63  6:41  Protoss Air Armor Level 1  
  63  6:46  Protoss Shields Level 1  
  65  6:48  Stalker  
  65  6:52  Probe  
  65  6:53  Probe  
  69  7:03  Extended Thermal Lance  
  69  7:05  Probe x2  
  71  7:10  Nexus  
  71  7:13  Colossus x2  
  83  7:17  Probe  
  83  7:20  Void Ray  
  88  7:23  Void Ray  
  88  7:29  Probe  
  93  7:34  Probe  
  94  7:41  Probe  
  95  7:46  Probe  
  95  7:50  Flux Vanes  
  96  7:53  Probe  
  97  7:59  Probe  
  98  8:05  Probe  
  98  8:06  Pylon, Colossus  
  98  8:10  Pylon  
  98  8:11  Probe  
  106  8:18  Stargate  
  106  8:21  Colossus, Stargate  
  106  8:23  Probe  
  106  8:24  Probe  
  114  8:35  Pylon  
  114  8:36  Probe  
  115  8:42  Void Ray  
  115  8:43  Void Ray  
  123  8:48  Probe  
  123  8:49  Protoss Air Weapons Level 2  
  124  9:00  Probe  
  125  9:14  Void Ray  
  125  9:15  Void Ray  
  125  9:16  Colossus  
  133  9:17  Colossus  
  145  9:32  Pylon  
  145  9:35  Pylon  
  145  9:36  Probe  
  146  9:39  Pylon  
  146  9:43  Pylon  
  146  9:44  Unknown  
  146  9:48  Unknown  
  146  9:49  Probe, Pylon  
  155  9:52  Unknown  
  155  9:53  Void Ray x2  
  163  10:00  Mothership  
  163  10:01  Probe  
  164  10:10  Colossus  
  164  10:13  Probe  
  177  10:25  Probe  
  177  10:27  Void Ray  
  182  10:29  Void Ray  
  182  10:32  Colossus  
  186  11:00  Protoss Ground Weapons Level 1  
  187  11:11  Void Ray  
  187  11:23  Protoss Air Armor Level 2  
  187  11:25  Observer  
  137  13:05  Nexus  
  137  13:08  Pylon  
  137  13:12  Pylon  
  137  13:15  Pylon  
  137  13:17  Pylon  
  137  13:20  Pylon  
  137  13:30  Photon Cannon, Stargate  
  137  13:32  Stargate  
  137  13:34  Photon Cannon  
  137  13:39  Probe  
  138  13:51  Probe  
  138  13:55  Stargate  
  139  13:56  Stargate  
  139  13:57  Stargate  
  139  14:03  Probe  
  140  14:10  Robotics Facility x2  
  140  14:12  Protoss Ground Armor Level 1  
  140  14:13  Robotics Facility  
  140  14:15  Probe  
  141  14:22  Void Ray  
  141  14:23  Void Ray x2  
  153  14:27  Probe  
  153  14:29  Photon Cannon  
  154  14:32  Protoss Air Armor Level 3  
  124  15:13  Void Ray  
  124  15:14  Void Ray x2  
  124  15:15  Void Ray  
  124  15:18  Void Ray  
  124  15:19  Void Ray  
  148  15:33  Mothership, Probe  
  149  15:45  Probe  
  142  15:57  Probe  
  143  16:10  Probe  
  140  16:22  Probe  
  96  16:52  Probe  
  97  17:04  Probe  
  90  17:16  Probe  
  91  17:28  Probe  
  92  17:35  Shield Battery x2  
  92  17:37  Void Ray x3, Shield Battery  
  96  17:38  Void Ray x3  
  96  17:43  Robotics Bay  
  116  17:46  Probe  
  117  17:58  Probe  
  117  18:02  Probe  
  119  18:12  Stargate  
  119  18:13  Stargate  
  119  18:14  Probe  
  119  18:15  Stargate  
  119  18:19  Void Ray  
  120  18:20  Void Ray x2  
  120  18:21  Void Ray x3  
  120  18:27  Probe  
  145  18:39  Probe  
  146  18:52  Colossus  
  146  18:53  Colossus x2  
  164  19:02  Void Ray  
  164  19:03  Void Ray x2  
  164  19:04  Void Ray x3  
  188  19:45  Void Ray  
  188  19:46  Void Ray  
  196  20:02  Void Ray  
  128  20:22  Void Ray  
  128  20:23  Void Ray  
  128  20:24  Void Ray  
  140  20:28  Void Ray  
  140  20:29  Colossus, Void Ray  
  140  20:31  Void Ray x3  
  166  20:45  Void Ray  
  170  20:55  Colossus x2  
  182  21:05  Void Ray  
  182  21:06  Void Ray  
  182  21:07  Void Ray  
  194  21:50  Void Ray  
  194  21:52  Void Ray  
  194  21:53  Void Ray x3  
  196  21:54  Void Ray  
  196  21:56  Void Ray  
  196  21:57  Void Ray  
  136  22:30  Carrier  
  136  22:34  Carrier  
  136  22:36  Carrier x3, Colossus x2  
  178  22:37  Carrier x2, Colossus  
  162  24:16  Carrier  
  174  24:17  Carrier x2  
  174  24:18  Carrier x2  
  192  24:25  Carrier  
  192  24:29  Carrier  
  194  24:37  Mothership  
  194  25:53  Carrier  
Show
View Real Time Build Order
Export as new Build Order

Aktsirefa Zerg - Winner!

Build Orders: Pool First 

Get SALT Encoding   

  12  0:02  Drone  
  13  0:11  Overlord  
  14  0:14  Drone  
  14  0:27  Unknown  
  13  0:30  Drone x2  
  15  0:45  Drone  
  16  0:55  Drone  
  17  1:03  Spawning Pool  
  16  1:09  Evolution Chamber  
  16  1:10  Drone x2  
  17  1:18  Unknown, Drone  
  17  1:29  Drone  
  18  1:37  Zerg Melee Weapons Level 1  
  18  1:47  Drone  
  18  1:51  Overlord  
  18  1:53  Metabolic Boost  
  19  1:56  Queen  
  21  2:23  Drone  
  21  2:24  Drone x2  
  24  2:47  Roach Warren, Lair  
  23  2:56  Zergling x4  
  25  2:59  Drone  
  25  3:05  Hatchery  
  25  3:14  Baneling Nest  
  24  3:21  Drone x2  
  26  3:39  Roach x2  
  26  3:41  Overlord  
  30  4:00  Centrifugal Hooks  
  30  4:04  Overlord  
  30  4:08  Drone x2  
  30  4:09  Drone  
  33  4:27  Drone  
  34  4:31  Queen  
  34  4:33  Roach x2  
  40  4:43  Ravager x2  
  42  4:47  Baneling x2  
  42  4:48  Baneling x2  
  42  4:55  Zergling x6  
  45  5:04  Zergling x2, Roach  
  45  5:05  Zergling x2  
  49  5:07  Pneumatized Carapace  
  40  5:39  Overlord x2  
  40  5:57  Overlord  
  40  5:59  Drone x2  
  42  6:08  Roach  
  42  6:10  Zergling x4  
  46  6:24  Drone  
  47  6:27  Drone  
  47  6:32  Drone x3  
  51  6:37  Overlord  
  51  6:38  Drone x2  
  53  6:52  Drone  
  53  6:53  Hydralisk Den, Drone  
  54  7:05  Spire  
  53  7:12  Roach  
  53  7:13  Roach x3  
  63  7:15  Roach  
  63  7:18  Overlord  
  63  7:19  Overlord  
  63  7:24  Hydralisk x2  
  63  7:28  Grooved Spines  
  67  7:30  Zerg Melee Weapons Level 2  
  67  7:36  Glial Reconstitution  
  67  7:45  Ravager x2  
  67  7:46  Ravager x2  
  67  7:49  Baneling x4  
  71  7:53  Hydralisk x3  
  77  8:10  Hydralisk x3  
  83  8:18  Muscular Augments  
  83  8:24  Overlord  
  83  8:25  Overlord  
  83  8:44  Ravager x5  
  88  8:58  Corruptor x2  
  88  8:59  Mutalisk x2  
  88  9:00  Mutalisk  
  98  9:05  Overlord x2  
  98  9:07  Overseer  
  98  9:09  Overseer  
  98  9:51  Mutalisk  
  98  9:52  Mutalisk x2  
  104  10:02  Overlord x2  
  104  10:41  Mutalisk x3  
  104  10:42  Hydralisk x2  
  32  11:49  Hydralisk x2  
  32  11:50  Hydralisk x2, Mutalisk  
  32  11:51  Mutalisk x2  
  32  11:52  Roach x2  
  50  12:07  Corruptor  
  52  12:20  Infestation Pit  
  51  12:25  Roach x2  
  55  12:48  Drone x2  
  55  12:49  Drone  
  58  13:03  Hive  
  58  13:09  Unknown  
  57  13:14  Zerg Flyer Weapons Level 1  
  57  13:35  Ravager x4  
  57  13:40  Hatchery  
  50  14:15  Corruptor x2  
  50  14:16  Hydralisk  
  36  15:03  Queen  
  36  15:05  Drone x2  
  40  15:08  Zerg Flyer Armor Level 1  
  40  15:18  Drone  
  41  15:24  Mutalisk x3  
  41  15:25  Mutalisk  
  41  15:27  Hydralisk x2  
  53  15:35  Drone  
  54  16:04  Drone x3  
  56  16:11  Hydralisk x3  
  63  16:25  Zerg Melee Weapons Level 3  
  63  16:41  Adrenal Glands  
  63  16:58  Corruptor  
  63  16:59  Corruptor x3  
  71  17:02  Zerg Flyer Weapons Level 2  
  71  17:04  Zergling x4  
  65  17:39  Drone  
  65  17:40  Drone x6  
  72  17:44  Unknown  
  72  17:49  Unknown  
  56  18:14  Mutalisk x3  
  56  18:18  Mutalisk x4  
  70  18:25  Mutalisk x2  
  70  18:26  Mutalisk  
  68  18:58  Mutalisk x4  
  76  19:03  Zerg Missile Weapons Level 1  
  76  19:06  Drone x2  
  78  19:13  Drone  
  79  19:20  Corruptor x2  
  79  19:21  Corruptor  
  79  19:22  Hydralisk  
  79  19:23  Hydralisk  
  89  19:30  Corruptor  
  91  19:32  Mutalisk  
  69  20:08  Mutalisk  
  69  20:09  Mutalisk, Corruptor  
  73  20:19  Unknown  
  66  20:45  Mutalisk x5  
  76  20:54  Overlord x2  
  76  20:56  Drone  
  77  20:57  Zerg Ground Armor Level 1  
  67  21:53  Corruptor x2  
  70  21:54  Mutalisk  
  70  21:59  Overseer x2  
  53  22:50  Overlord x2  
  53  22:51  Mutalisk x2  
  53  22:52  Corruptor x2  
  61  23:08  Mutalisk x3  
  45  23:57  Mutalisk x7  
  45  24:00  Zerg Flyer Weapons Level 3  
  59  24:09  Zerg Missile Weapons Level 2  
  53  24:23  Ultralisk Cavern  
  42  25:49  Ultralisk x3  
  60  25:50  Ultralisk x2  
  60  25:51  Ultralisk  
  60  25:52  Mutalisk x4  
  60  25:53  Mutalisk x3  
  60  25:54  Mutalisk  
  100  27:50  Hatchery  
Show
View Real Time Build Order
Export as new Build Order

ИИ 3 (мастер) Terran 

Build Orders:  

Get SALT Encoding   

  12  0:01  SCV  
  13  0:13  SCV  
  14  0:15  Supply Depot  
  14  0:22  Unknown  
  14  0:25  SCV  
  14  0:28  Unknown  
  15  0:32  Unknown  
  15  0:40  SCV  
  16  0:51  Barracks  
  16  0:52  SCV  
  17  1:04  SCV  
  18  1:16  SCV  
  19  1:26  Supply Depot  
  19  1:36  Barracks  
  19  1:39  SCV, Marine  
  21  1:42  Factory  
  21  1:51  SCV  
  22  1:58  Supply Depot, Barracks Tech Lab  
  22  2:04  Orbital Command  
  22  2:16  Marine  
  22  2:19  Concussive Shells  
  23  2:22  Barracks Tech Lab  
  23  2:25  Hellion  
  25  2:30  SCV  
  25  2:35  Marauder  
  28  2:37  Supply Depot  
  28  2:41  Marauder  
  30  2:47  Hellion  
  32  2:56  Marauder  
  34  3:02  Marauder  
  36  3:06  Supply Depot  
  36  3:08  Hellion  
  36  3:12  Starport  
  38  3:17  Marauder  
  40  3:29  Engineering Bay, Hellion  
  42  3:36  Marine  
  42  3:39  Marine  
  44  3:45  SCV  
  45  3:51  Starport Tech Lab  
  45  3:54  Marine  
  46  3:57  Marauder, SCV  
  46  3:58  Missile Turret  
  49  4:06  Supply Depot  
  49  4:09  SCV  
  50  4:10  Raven  
  50  4:11  Marine  
  50  4:17  Stimpack  
  53  4:18  Marine  
  53  4:21  SCV  
  55  4:29  Marine  
  56  4:34  SCV  
  56  4:36  Marauder  
  56  4:37  Supply Depot  
  59  4:46  SCV  
  59  4:47  Marine  
  61  4:58  Marauder  
  61  4:59  SCV  
  64  5:05  Supply Depot, Marine  
  65  5:11  SCV  
  64  5:16  Viking  
  64  5:19  Marine  
  61  5:23  Marine, SCV  
  49  5:35  SCV  
  49  5:36  Marine  
  49  5:40  Marine  
  47  5:46  Viking  
  47  5:47  SCV  
  50  5:55  Marauder  
  52  5:59  Marauder, SCV  
  52  6:01  Supply Depot  
  55  6:12  SCV  
  55  6:14  Barracks  
  55  6:16  Marine, Liberator  
  60  6:20  Marine  
  60  6:24  SCV  
  62  6:26  Supply Depot  
  62  6:31  Factory Tech Lab  
  62  6:34  Marauder  
  62  6:36  SCV  
  62  6:38  Marauder  
  67  6:48  SCV  
  67  6:53  Supply Depot  
  68  6:54  Siege Tank  
  68  6:55  Marauder  
  68  6:59  Viking, Marauder  
  68  7:00  SCV  
  68  7:01  Marine  
  79  7:12  SCV, Engineering Bay  
  79  7:17  Marauder  
  79  7:18  Supply Depot  
  79  7:20  Barracks Reactor  
  79  7:21  Marauder  
  83  7:24  SCV  
  83  7:26  Siege Tank  
  83  7:29  Viking  
  89  7:36  SCV  
  90  7:38  Marauder  
  90  7:41  Barracks  
  90  7:42  Marauder  
  90  7:43  Supply Depot  
  94  7:48  SCV  
  95  7:56  Marine x2  
  97  7:59  Liberator, Marine  
  97  8:00  SCV  
  97  8:03  Marine  
  103  8:08  Supply Depot  
  103  8:13  SCV, Marine  
  103  8:14  Marine  
  103  8:17  Marauder  
  108  8:21  Marine  
  109  8:31  Marine  
  110  8:35  Supply Depot  
  110  8:37  Siege Tank  
  110  8:39  Marauder x2  
  110  8:41  Missile Turret  
  117  8:42  Viking  
  118  8:57  SCV  
  118  8:59  Factory  
  118  9:00  Marauder  
  118  9:01  Marauder  
  123  9:03  Supply Depot  
  123  9:04  Missile Turret  
  123  9:09  Siege Tank  
  126  9:12  Liberator  
  129  9:21  Starport, Marauder  
  129  9:22  Marauder, Terran Infantry Weapons Level 1, Combat Shield  
  129  9:23  Terran Infantry Armor Level 1  
  133  9:26  Armory  
  133  9:31  Supply Depot  
  133  9:41  Armory  
  133  9:43  Marauder  
  135  9:53  Siege Tank  
  135  9:54  Liberator  
  135  9:56  Liberator  
  135  9:57  Supply Depot  
  144  10:03  Missile Turret  
  144  10:12  Barracks, Barracks Tech Lab  
  144  10:22  Widow Mine, Supply Depot  
  144  10:26  Siege Tank  
  149  10:37  Viking  
  149  10:40  Starport Reactor  
  150  10:43  Marine  
  150  10:44  Marine  
  150  10:45  Marine x2  
  150  10:46  Marine  
  150  10:48  Supply Depot  
  150  10:49  SCV  
  120  10:56  Fusion Core  
  94  10:58  Marine  
  94  11:01  Marauder  
  94  11:02  Marauder, Marine  
  94  11:03  Marine  
  94  11:04  Marine  
  74  11:07  Medivac  
  77  11:16  Viking x2, Marine  
  82  11:19  Siege Tank  
  82  11:20  Marine  
  82  11:21  Marine  
  82  11:22  Marine, Marauder  
  82  11:23  Marine  
  91  11:34  Marine  
  91  11:37  Liberator  
  91  11:38  Marine  
  91  11:39  Marine  
  97  11:40  Marauder  
  97  11:41  Marauder  
  97  11:43  Marauder  
  97  11:46  Viking x2  
  107  11:51  Siege Tank  
  107  11:52  Marine  
  111  11:56  SCV, Marine  
  111  11:57  Marine  
  113  12:02  Marauder, Marine  
  113  12:04  Marine  
  117  12:09  Marine  
  117  12:14  Marine  
  117  12:15  Marine  
  119  12:16  Viking x2  
  119  12:20  Marine, Viking  
  127  12:23  Siege Tank  
  127  12:24  Marauder x2  
  134  12:30  Supply Depot  
  134  12:31  Marine  
  134  12:33  Marine  
  134  12:34  Marine  
  137  12:38  Marauder  
  139  12:45  Marauder, Marine  
  139  12:46  Viking, Liberator  
  139  12:50  Viking  
  149  12:55  Siege Tank  
  149  12:56  Supply Depot  
  152  13:16  Viking  
  154  13:20  Liberator  
  154  13:24  Supply Depot  
  152  13:27  Siege Tank  
  152  13:29  Liberator  
  152  13:32  Marine x2  
  152  13:33  Marine  
  148  13:35  Marine  
  148  13:36  Marine  
  148  13:37  Marine  
  138  13:46  Viking  
  102  13:49  Marine  
  102  13:50  Marine  
  102  13:51  Marine  
  102  13:52  Marine  
  102  13:53  Marine  
  102  13:55  Marine  
  98  13:59  Siege Tank  
  97  14:03  Viking  
  97  14:07  Marine  
  97  14:08  Marine  
  97  14:09  Marine  
  102  14:10  Marine  
  102  14:12  Liberator, Marauder  
  102  14:13  Marine  
  102  14:15  Medivac  
  111  14:25  Marine  
  111  14:26  Marauder  
  111  14:27  Marine  
  111  14:28  Marine  
  111  14:31  Marine, Siege Tank  
  116  14:33  Medivac, Marauder  
  117  14:43  Marine  
  117  14:45  Marine, Liberator  
  119  14:46  Marine  
  119  14:47  Marine  
  119  14:49  Marine  
  125  14:55  Marauder, Viking  
  126  15:01  Marine  
  126  15:03  Marine, Viking, Siege Tank  
  126  15:05  Marine  
  126  15:06  Marauder, Marine  
  137  15:16  Marauder  
  137  15:18  Marine  
  137  15:20  Marine  
  141  15:25  Viking, Marine  
  141  15:26  Marine  
  141  15:27  Marine  
  139  15:28  Viking  
  139  15:33  Viking  
  137  15:36  Marine  
  137  15:37  Marine  
  137  15:38  Marine  
  133  15:42  Marine  
  133  15:44  Marine  
  133  15:47  Marine  
  123  15:54  Marine  
  123  15:55  Viking, Marine  
  123  15:56  SCV, Marine  
  95  15:58  Viking  
  95  16:00  Marine  
  95  16:02  Marine  
  95  16:03  Battlecruiser  
  93  16:05  Marine  
  73  16:12  Marine x2  
  73  16:14  Marine  
  73  16:18  Marine  
  65  16:20  Marine  
  65  16:23  Marine  
  65  16:24  Viking  
  70  16:28  Liberator  
  70  16:30  Marauder, Marine  
  70  16:32  Marine  
  76  16:36  Marine  
  76  16:38  Marine  
  74  16:41  Marine  
  72  16:49  Marauder, Marine  
  72  16:51  Marine  
  72  16:54  Marine, Viking  
  68  16:56  Marauder  
  68  16:59  Marine  
  71  17:07  Liberator, Marine  
  74  17:09  Marauder  
  74  17:10  Marauder  
  74  17:11  Liberator, Marine  
  77  17:16  Marine  
  77  17:17  Marine  
  79  17:24  Viking  
  79  17:25  Marine  
  79  17:29  Marine  
  83  17:31  Marauder, Marine  
  83  17:34  Marine  
  83  17:35  Marauder  
  89  17:43  Marine  
  90  17:47  Marine  
  90  17:49  Marauder  
  90  17:50  Viking  
  95  17:52  Marine x2  
  95  17:54  Viking x2  
  95  17:57  Hellion x2, Marauder  
  107  18:01  Marine  
  107  18:05  Marine  
  109  18:09  Marine  
  109  18:10  Marine x2  
  108  18:18  Marine x2, Siege Tank, Hellion  
  108  18:19  Liberator  
  108  18:23  Marine  
  108  18:24  Viking, Liberator  
  109  18:28  Marauder x2  
  109  18:31  Marine  
  109  18:36  Marauder, Marine  
  109  18:40  Hellion  
  109  18:41  Marine  
  111  18:49  Marine x3  
  111  18:50  Hellion  
  111  18:54  Liberator  
  117  18:59  Marine  
  117  19:01  Hellion  
  161  19:02  Viking  
  119  19:07  Liberator  
  124  19:11  Siege Tank  
  127  19:27  Hellion  
  129  19:32  Liberator  
  129  19:37  Viking  
  134  19:43  Siege Tank  
  137  19:48  Hellion  
  137  19:50  Viking  
  137  19:51  Marine x2  
  141  19:53  Marine  
  141  19:54  Marine  
  141  19:55  Marine  
  141  19:57  Marine  
  129  20:06  Liberator  
  116  20:08  Marine  
  116  20:09  Marine  
  116  20:11  Marine  
  116  20:12  Marine  
  116  20:13  Marine  
  116  20:14  Marine  
  116  20:15  Viking, Siege Tank  
  116  20:18  Hellion  
  116  20:19  SCV  
  116  20:20  Liberator  
  118  20:27  Marauder, Marine  
  115  20:29  Marine x2  
  115  20:32  Marauder, Marine  
  120  20:40  Hellion  
  122  20:45  Marine, Liberator  
  122  20:46  Marine  
  122  20:47  Marine  
  122  20:48  Siege Tank, Marauder  
  122  20:49  Viking  
  135  20:50  Marine  
  135  20:53  Marauder  
  138  21:03  Liberator, Marine  
  142  21:04  Marine  
  142  21:10  Marauder  
  145  21:19  Liberator  
  145  21:20  Siege Tank  
  151  21:26  Marine  
  151  21:27  Marine  
  151  21:28  Liberator, SCV  
  151  21:29  Marine  
  151  21:30  Marine  
  151  21:32  Marine  
  142  21:33  Marine  
  142  21:39  Hellion  
  137  21:43  Marine  
  137  21:44  Marine  
  137  21:45  Viking  
  136  21:47  Marine  
  136  21:49  Marauder, Marine  
  136  21:50  Marine  
  136  21:52  Hellion  
  112  22:00  Hellion  
  98  22:02  Marauder, Viking, Marine  
  98  22:05  Marine  
  98  22:07  Marine  
  97  22:08  Marine, SCV  
  97  22:10  Marine  
  97  22:11  Liberator  
  97  22:13  Hellion  
  93  22:15  Viking  
  93  22:20  Marine  
  93  22:21  Hellion  
  98  22:23  Marine x2  
  98  22:26  Marauder, Marine  
  98  22:28  Marauder  
  105  22:32  Viking  
  105  22:34  Siege Tank  
  110  22:41  Marauder  
  110  22:43  Hellion  
  114  22:45  Viking  
  114  22:47  Marauder  
  114  22:49  Marauder  
  120  22:54  Viking  
  122  23:02  Liberator, Marauder  
  127  23:07  Siege Tank  
  130  23:15  Viking  
  132  23:23  Viking  
  134  23:39  Siege Tank  
  137  23:41  Marine  
  137  23:45  Liberator, Marine, Viking  
  137  23:46  Marine  
  137  23:47  Marine  
  124  23:48  Marine  
  124  23:49  Marine  
  124  23:53  Liberator  
  102  23:59  Marine  
  102  24:00  Hellion  
  92  24:03  Marine  
  92  24:04  Marine  
  92  24:05  Marine  
  92  24:07  Marine, Marauder  
  90  24:11  Siege Tank  
  90  24:15  Viking  
  74  24:18  Marauder  
  74  24:21  Marine, Hellion  
  74  24:22  Marine  
  74  24:23  Marine  
  74  24:24  Marine  
  74  24:27  Liberator  
  74  24:28  Marauder  
  75  24:36  Viking  
  67  24:38  Marine  
  67  24:39  Marauder, Marine  
  67  24:40  Marine  
  67  24:42  Marine, Hellion  
  67  24:43  Siege Tank  
  67  24:45  Liberator  
  78  24:50  Marauder  
  83  24:56  Marine  
  83  24:57  Marine  
  83  24:58  Marine  
  86  25:00  Marine, Marauder  
  86  25:04  Hellion  
  86  25:06  Liberator  
  94  25:10  Liberator, Marine  
  78  25:15  Marauder, Siege Tank, Marine  
  78  25:16  Marine  
  78  25:18  Marine  
  70  25:21  Marine  
  70  25:28  Liberator  
  70  25:29  Marauder  
  70  25:33  Marine  
  70  25:34  Marine  
  77  25:36  Marine, Marauder  
  77  25:39  Marine  
  81  25:47  Siege Tank  
  81  25:49  Viking  
  75  25:50  Marauder  
  75  25:51  Marine  
  75  25:52  Marine  
  75  25:53  Liberator, SCV  
  75  25:54  Marine  
  73  25:57  Marine, Marauder  
  65  26:05  SCV  
  65  26:09  Marine x2  
  65  26:11  Marine x2  
  25  26:29  Marine  
  7  26:47  Barracks Tech Lab  
Show
View Real Time Build Order
Export as new Build Order

ИИ 4 (мастер) Zerg 

Build Orders: Pool First 

Get SALT Encoding   

  12  0:01  Drone  
  13  0:11  Overlord  
  13  0:13  Drone  
  14  0:29  Drone  
  14  0:31  Drone, Spawning Pool  
  14  0:34  Drone  
  16  0:41  Unknown  
  15  0:43  Unknown  
  15  0:44  Drone  
  15  0:48  Unknown  
  14  0:55  Drone  
  15  1:05  Drone  
  16  1:16  Drone  
  17  1:18  Queen  
  17  1:21  Roach Warren  
  18  1:27  Hatchery  
  18  1:28  Drone  
  18  1:37  Drone  
  19  1:48  Drone  
  20  1:59  Drone  
  21  2:10  Zergling x2  
  22  2:20  Overlord  
  22  2:25  Overlord  
  22  2:29  Overlord  
  22  2:34  Metabolic Boost  
  22  2:38  Roach x2  
  22  2:39  Roach  
  22  2:44  Roach  
  30  2:50  Roach  
  32  2:54  Roach  
  32  2:57  Zergling x4  
  32  2:58  Zergling x2  
  37  3:00  Zergling x2  
  38  3:06  Zergling x2  
  38  3:11  Zergling x2  
  40  3:16  Zergling x2  
  41  3:22  Drone, Lair  
  41  3:24  Spore Crawler  
  41  3:25  Queen  
  41  3:26  Spore Crawler  
  42  3:29  Drone  
  43  3:36  Drone  
  43  3:37  Drone x2  
  46  3:42  Overlord  
  46  3:45  Drone  
  46  3:47  Drone  
  48  4:00  Drone  
  48  4:02  Drone  
  50  4:05  Drone  
  50  4:06  Drone  
  52  4:11  Overlord  
  52  4:14  Drone  
  52  4:16  Drone  
  54  4:19  Drone  
  54  4:21  Hydralisk Den, Drone  
  55  4:26  Drone  
  56  4:31  Drone  
  56  4:32  Infestation Pit  
  56  4:34  Overseer  
  56  4:36  Drone  
  57  4:39  Overlord  
  57  4:42  Drone  
  57  4:43  Drone  
  57  4:44  Drone  
  57  4:47  Drone  
  57  4:48  Drone  
  57  4:51  Roach  
  54  4:55  Roach  
  50  5:01  Roach  
  50  5:03  Hydralisk, Roach  
  50  5:04  Roach, Hydralisk, Drone  
  61  5:07  Hydralisk  
  61  5:09  Hydralisk  
  61  5:13  Drone  
  66  5:17  Overlord  
  66  5:23  Drone  
  66  5:28  Drone  
  68  5:34  Roach, Infestor  
  68  5:35  Drone x2, Roach  
  75  5:36  Overlord, Roach  
  75  5:40  Drone  
  79  5:45  Drone  
  80  5:50  Drone  
  80  5:57  Drone, Unknown  
  80  5:58  Unknown  
  80  6:00  Unknown  
  80  6:01  Drone  
  80  6:03  Evolution Chamber  
  78  6:07  Roach, Overlord, Drone  
  78  6:08  Infestor, Drone x2  
  78  6:09  Spire  
  84  6:13  Drone  
  85  6:18  Evolution Chamber, Drone  
  85  6:22  Spine Crawler  
  85  6:24  Roach  
  85  6:25  Spine Crawler  
  85  6:26  Ravager x2  
  85  6:29  Overlord  
  85  6:30  Zerg Missile Weapons Level 1  
  87  6:34  Drone  
  87  6:38  Drone  
  87  6:39  Roach x2  
  95  6:40  Roach  
  95  6:44  Zerg Ground Armor Level 1  
  95  6:47  Overlord  
  95  6:48  Drone x2  
  95  6:50  Drone  
  95  6:52  Drone  
  99  6:56  Drone  
  100  7:02  Drone  
  100  7:06  Spore Crawler  
  100  7:07  Overlord  
  100  7:10  Roach, Spore Crawler, Drone x2  
  100  7:11  Roach  
  100  7:12  Drone, Roach  
  100  7:14  Drone  
  109  7:19  Corruptor  
  111  7:25  Drone  
  111  7:29  Overlord  
  112  7:36  Drone  
  113  7:40  Drone  
  113  7:42  Roach  
  113  7:43  Drone, Roach  
  120  7:44  Drone, Roach  
  120  7:45  Drone  
  120  7:48  Drone  
  120  7:51  Hatchery  
  123  7:52  Overlord  
  123  7:58  Drone  
  124  8:01  Hive  
  124  8:03  Drone  
  125  8:09  Drone  
  126  8:13  Overlord, Roach  
  126  8:14  Roach x2, Mutalisk x2  
  126  8:15  Mutalisk  
  138  8:20  Glial Reconstitution, Drone  
  138  8:25  Zerg Missile Weapons Level 2  
  139  8:28  Overseer  
  139  8:29  Pneumatized Carapace  
  139  8:31  Overseer  
  139  8:32  Overlord  
  139  8:33  Spine Crawler, Drone  
  139  8:36  Evolution Chamber, Drone  
  139  8:41  Zerg Ground Armor Level 2  
  139  8:42  Drone  
  139  8:46  Mutalisk, Drone  
  139  8:47  Mutalisk, Drone  
  139  8:48  Drone  
  147  8:50  Drone x2  
  147  8:51  Spine Crawler  
  147  8:53  Overlord  
  147  8:55  Spine Crawler  
  147  8:58  Drone  
  147  9:00  Spore Crawler  
  147  9:03  Burrow, Drone  
  147  9:05  Spore Crawler, Drone  
  147  9:07  Baneling Nest  
  147  9:09  Drone  
  148  9:13  Drone  
  148  9:14  Zerg Flyer Weapons Level 1  
  148  9:15  Drone  
  148  9:17  Mutalisk x2, Overlord  
  150  9:18  Corruptor, Mutalisk  
  150  9:19  Corruptor  
  150  9:21  Drone  
  150  9:24  Drone  
  162  9:26  Corruptor  
  164  9:31  Mutalisk  
  164  9:34  Mutalisk  
  164  9:37  Overlord  
  168  9:39  Tunneling Claws, Spine Crawler  
  168  9:43  Drone  
  168  9:45  Hydralisk  
  170  9:47  Hydralisk  
  170  9:48  Mutalisk  
  170  9:49  Mutalisk, Hydralisk  
  178  9:54  Baneling  
  178  9:55  Mutalisk, Overlord  
  178  9:56  Mutalisk  
  178  9:57  Mutalisk x2  
  186  10:13  Mutalisk  
  186  10:14  Overlord  
  186  10:15  Mutalisk  
  186  10:16  Mutalisk  
  186  10:17  Mutalisk  
  194  10:24  Spine Crawler  
  194  10:26  Drone  
  194  10:32  Corruptor  
  194  10:33  Corruptor  
  194  10:34  Corruptor  
  200  10:41  Zerg Missile Weapons Level 3  
  199  10:59  Zerg Ground Armor Level 3  
  199  11:08  Zerg Flyer Armor Level 1  
  199  11:10  Spine Crawler  
  198  11:12  Drone  
  198  11:15  Zergling x2  
  198  11:17  Mutalisk  
  199  11:23  Zergling x2, Roach  
  199  11:31  Corruptor  
  198  11:32  Corruptor  
  198  11:33  Corruptor  
  198  11:39  Corruptor  
  199  11:41  Baneling  
  199  11:42  Zergling x2, Baneling, Infestor  
  199  11:43  Mutalisk, Corruptor  
  199  11:44  Corruptor x2  
  199  11:45  Hydralisk  
  199  11:46  Mutalisk  
  198  11:47  Infestor  
  198  11:49  Mutalisk  
  198  11:50  Mutalisk  
  198  11:53  Mutalisk, Spore Crawler  
  199  11:55  Drone  
  200  12:01  Mutalisk  
  200  12:04  Hydralisk  
  200  12:14  Hydralisk  
  200  12:15  Hydralisk  
  196  12:16  Roach, Mutalisk  
  196  12:18  Mutalisk  
  196  12:19  Mutalisk  
  196  12:20  Mutalisk  
  196  12:21  Mutalisk  
  172  12:23  Roach  
  172  12:24  Overlord  
  172  12:25  Overseer  
  172  12:28  Roach x2  
  172  12:29  Roach  
  150  12:30  Roach x2  
  150  12:31  Roach  
  150  12:32  Roach  
  150  12:33  Roach  
  154  12:42  Roach  
  154  12:43  Overlord, Spore Crawler, Drone  
  156  12:44  Roach  
  156  12:45  Roach  
  156  12:46  Roach  
  156  12:47  Overseer x2  
  162  13:01  Roach, Overlord  
  162  13:02  Zerg Flyer Weapons Level 2  
  162  13:03  Roach x2  
  162  13:04  Roach  
  170  13:13  Spore Crawler  
  170  13:15  Drone  
  172  13:20  Roach, Overlord, Mutalisk  
  172  13:21  Mutalisk  
  172  13:22  Mutalisk  
  178  13:38  Mutalisk, Overlord  
  178  13:39  Zergling x2, Mutalisk  
  178  13:40  Mutalisk  
  184  13:57  Overlord, Mutalisk  
  184  13:58  Mutalisk  
  184  13:59  Corruptor x2  
  184  14:02  Baneling  
  192  14:03  Baneling, Zergling x2  
  192  14:04  Baneling  
  192  14:05  Baneling  
  192  14:06  Baneling  
  193  14:15  Corruptor x2, Zergling x2  
  198  14:24  Baneling  
  198  14:25  Zergling x2  
  198  14:26  Centrifugal Hooks  
  198  14:29  Baneling  
  199  14:37  Corruptor  
  199  14:38  Zergling x2  
  200  14:43  Overlord  
  200  14:44  Spore Crawler  
  196  14:46  Drone  
  196  14:47  Drone  
  196  14:48  Drone  
  196  14:49  Drone x3  
  196  14:51  Drone  
  196  14:57  Drone  
  196  15:01  Drone  
  196  15:02  Drone  
  196  15:03  Drone  
  196  15:04  Drone  
  196  15:07  Mutalisk  
  196  15:08  Drone, Infestor  
  196  15:09  Queen, Hatchery  
  196  15:10  Infestor  
  196  15:11  Overseer  
  196  15:14  Queen  
  160  15:17  Hydralisk  
  160  15:20  Hydralisk  
  136  15:23  Drone x2  
  136  15:24  Lurker Den, Drone  
  136  15:25  Unknown  
  136  15:27  Hydralisk  
  118  15:31  Hydralisk  
  113  15:39  Roach  
  113  15:42  Drone  
  110  15:44  Drone  
  110  15:45  Queen  
  110  15:46  Overseer  
  110  15:48  Hydralisk  
  110  15:49  Queen  
  105  15:50  Overseer  
  105  15:52  Hydralisk  
  104  15:59  Unknown  
  104  16:00  Drone  
  104  16:01  Queen  
  104  16:03  Overseer, Zergling x2  
  93  16:07  Queen  
  93  16:09  Evolution Chamber  
  93  16:10  Zergling x2  
  93  16:11  Queen  
  87  16:13  Spore Crawler, Hydralisk  
  87  16:17  Overseer x2, Queen  
  77  16:20  Infestor, Drone, Queen  
  77  16:21  Infestor  
  77  16:22  Roach  
  77  16:23  Roach, Ravager  
  77  16:24  Ravager, Queen  
  77  16:25  Hydralisk  
  77  16:26  Ravager  
  77  16:27  Unknown  
  77  16:28  Lair  
  77  16:29  Spire  
  77  16:32  Roach, Overlord  
  80  16:37  Roach, Evolution Chamber  
  81  16:42  Roach  
  81  16:43  Roach, Zergling x2  
  81  16:47  Roach  
  81  16:48  Spine Crawler  
  81  16:49  Roach  
  81  16:53  Spine Crawler  
  81  16:54  Zergling x2, Roach  
  82  16:56  Roach x2, Overlord  
  82  16:57  Roach  
  82  16:59  Hydralisk  
  76  17:04  Roach x2  
  76  17:08  Overseer  
  65  17:11  Roach  
  65  17:14  Overseer  
  65  17:15  Roach x2  
  67  17:20  Roach  
  66  17:25  Zergling x2  
  66  17:26  Drone  
  66  17:27  Ravager  
  66  17:29  Roach, Overlord  
  71  17:30  Roach  
  71  17:31  Roach x2  
  71  17:32  Hydralisk, Roach  
  71  17:33  Hatchery  
  71  17:36  Drone  
  81  17:37  Zergling x2, Spore Crawler  
  81  17:38  Lurker  
  81  17:40  Spore Crawler  
  81  17:42  Hydralisk  
  83  17:45  Infestation Pit  
  83  17:47  Hydralisk x2  
  83  17:49  Baneling  
  86  17:54  Overlord  
  86  17:57  Roach  
  86  17:58  Drone  
  89  17:59  Drone x2  
  89  18:00  Drone x2  
  89  18:01  Roach  
  95  18:12  Drone, Overlord  
  96  18:13  Drone  
  96  18:14  Drone x2  
  96  18:15  Drone  
  96  18:16  Drone  
  101  18:21  Drone  
  101  18:25  Drone  
  101  18:26  Infestor  
  103  18:31  Drone, Overlord  
  103  18:32  Drone x3  
  103  18:33  Drone x2  
  103  18:34  Drone x2  
  113  18:45  Drone  
  113  18:46  Drone x2  
  113  18:47  Drone x2  
  118  18:52  Overlord  
  118  18:53  Drone  
  118  18:54  Drone  
  120  18:56  Drone  
  120  19:00  Ultralisk Cavern, Drone  
  121  19:11  Drone, Overlord  
  121  19:12  Drone x2  
  121  19:13  Drone  
  121  19:14  Drone x2  
  113  19:29  Drone  
  113  19:30  Overlord, Drone  
  113  19:31  Drone x2  
  111  19:32  Drone x2  
  111  19:33  Drone  
  111  19:34  Drone x2  
  111  19:35  Zergling x2  
  111  19:37  Overseer, Drone  
  102  19:38  Hydralisk  
  102  19:39  Hydralisk  
  102  19:43  Hydralisk  
  93  19:49  Hydralisk  
  93  19:51  Drone  
  85  19:54  Roach  
  85  19:55  Zergling x2, Drone  
  85  19:56  Roach, Overseer  
  85  19:58  Overseer, Spore Crawler  
  80  20:01  Overlord  
  80  20:02  Drone  
  80  20:04  Drone x2  
  80  20:05  Drone x2  
  80  20:06  Evolution Chamber, Roach  
  69  20:08  Queen  
  69  20:12  Spire, Hydralisk  
  69  20:13  Hydralisk  
  62  20:15  Hydralisk  
  62  20:20  Queen  
  65  20:23  Infestor, Overlord  
  65  20:24  Infestor, Zergling x2  
  65  20:25  Viper  
  65  20:27  Ultralisk  
  78  20:33  Hatchery  
  78  20:34  Roach  
  79  20:36  Roach  
  79  20:37  Roach  
  83  20:45  Overlord  
  83  20:47  Ultralisk, Unknown  
  83  20:48  Drone  
  89  20:51  Unknown  
  89  20:52  Drone  
  89  20:53  Drone x2  
  89  20:56  Drone  
  92  20:58  Drone  
  92  21:02  Unknown  
  92  21:03  Drone  
  93  21:04  Unknown  
  93  21:06  Overlord, Roach  
  93  21:09  Drone x2  
  94  21:15  Roach  
  94  21:17  Drone  
  95  21:18  Unknown, Roach  
  95  21:19  Roach, Corruptor  
  95  21:20  Roach  
  95  21:21  Drone, Mutalisk  
  95  21:24  Drone  
  95  21:25  Overlord  
  106  21:28  Spine Crawler  
  106  21:29  Drone  
  106  21:31  Drone  
  106  21:32  Drone  
  108  21:40  Overlord  
  108  21:41  Overlord  
  108  21:43  Overlord  
  108  21:45  Overlord  
  108  21:47  Roach  
  105  21:59  Zergling x2  
  105  22:01  Zergling x2, Hydralisk  
  101  22:02  Drone, Hydralisk  
  101  22:03  Drone  
  101  22:04  Drone x2  
  101  22:05  Hydralisk  
  101  22:06  Drone  
  101  22:07  Hydralisk  
  94  22:09  Drone  
  94  22:13  Roach  
  94  22:14  Spine Crawler  
  96  22:15  Roach  
  96  22:16  Roach x3  
  96  22:17  Drone, Spine Crawler  
  96  22:18  Drone x2  
  96  22:19  Drone  
  96  22:21  Drone  
  100  22:24  Drone  
  100  22:27  Drone  
  100  22:28  Drone  
  103  22:32  Drone  
  103  22:34  Drone  
  105  22:38  Drone, Overlord  
  105  22:42  Overseer  
  105  22:43  Drone  
  107  22:44  Drone  
  107  22:45  Drone x3  
  107  22:46  Drone  
  112  22:57  Drone, Overlord, Spore Crawler  
  112  22:58  Drone x2  
  113  22:59  Drone x2  
  113  23:00  Drone x2  
  113  23:02  Spore Crawler  
  117  23:07  Drone  
  117  23:09  Drone  
  119  23:15  Ultralisk, Overlord  
  119  23:16  Roach  
  127  23:34  Overlord, Roach  
  129  23:35  Roach x3  
  135  23:43  Roach  
  135  23:44  Roach, Hydralisk  
  135  23:46  Hydralisk  
  133  23:48  Roach  
  133  23:51  Hydralisk  
  133  23:52  Hydralisk, Overlord  
  133  23:53  Zergling x2  
  133  23:54  Roach x2  
  133  23:55  Roach x2  
  143  23:58  Roach x2  
  143  23:59  Roach  
  143  24:00  Spine Crawler  
  143  24:01  Roach  
  143  24:03  Spine Crawler, Zergling x2  
  143  24:07  Overseer  
  143  24:08  Spore Crawler, Overlord  
  140  24:11  Drone x2  
  140  24:12  Spore Crawler, Drone, Roach x2  
  140  24:13  Drone, Mutalisk, Roach  
  140  24:16  Roach  
  139  24:20  Queen  
  139  24:21  Hydralisk  
  139  24:22  Hydralisk  
  133  24:27  Overlord  
  133  24:28  Ultralisk  
  133  24:30  Hydralisk  
  133  24:31  Hydralisk  
  133  24:32  Overseer, Overlord  
  133  24:37  Zergling x2, Roach  
  127  24:42  Overseer  
  127  24:44  Overseer  
  127  24:46  Overlord  
  127  24:50  Hydralisk  
  127  24:51  Zergling x2  
  127  24:52  Roach  
  119  24:55  Drone  
  119  24:57  Overlord  
  105  25:02  Roach  
  105  25:03  Drone  
  105  25:04  Overseer  
  105  25:05  Roach Warren, Drone, Hydralisk, Zergling x2  
  105  25:06  Hydralisk  
  96  25:10  Roach Warren, Drone  
  96  25:11  Drone  
  93  25:15  Drone x2, Hydralisk  
  93  25:16  Overlord, Hydralisk  
  93  25:17  Drone  
  93  25:18  Drone x3  
  93  25:19  Overseer  
  93  25:21  Roach Warren  
  93  25:25  Overlord, Spine Crawler  
  93  25:26  Overlord  
  93  25:27  Queen  
  81  25:28  Overlord  
  81  25:29  Drone  
  81  25:30  Overseer  
  81  25:31  Spine Crawler  
  69  25:37  Infestation Pit  
  49  25:43  Zergling x4, Hydralisk x2  
  49  25:44  Hydralisk x2  
  49  25:47  Queen  
  49  25:48  Drone  
  49  25:49  Drone  
  54  25:50  Overlord, Queen  
  54  25:53  Drone  
  54  25:54  Drone  
  54  25:59  Drone x3  
  49  26:05  Roach  
  49  26:07  Spawning Pool, Roach  
  49  26:08  Roach x2, Overlord  
  49  26:10  Drone  
  49  26:11  Drone  
  47  26:12  Drone x2  
  47  26:13  Overseer  
  47  26:15  Hydralisk Den  
  47  26:16  Overseer  
  46  26:18  Drone  
  46  26:20  Drone, Unknown  
  46  26:22  Drone  
  46  26:25  Evolution Chamber  
  47  26:29  Drone  
  47  26:30  Drone, Evolution Chamber  
  47  26:33  Drone  
  47  26:35  Roach, Overlord  
  47  26:36  Roach  
  49  26:43  Drone  
  53  26:49  Evolution Chamber  
  53  26:52  Spire, Hydralisk  
  53  26:54  Overlord  
  53  27:00  Spine Crawler  
  54  27:03  Drone, Baneling Nest  
  54  27:05  Zergling x2, Evolution Chamber  
  42  27:10  Overseer  
  32  27:15  Overlord  
Show
View Real Time Build Order
Export as new Build Order

ИИ 5 (мастер) Protoss 

Build Orders:  

Get SALT Encoding   

  12  0:01  Probe  
  13  0:13  Probe  
  14  0:16  Pylon  
  14  0:24  Probe  
  15  0:32  Probe  
  15  0:36  Unknown  
  15  0:40  Unknown, Probe  
  15  0:42  Gateway  
  16  0:44  Unknown  
  17  0:51  Probe  
  17  0:56  Pylon  
  18  1:00  Probe  
  19  1:08  Probe  
  19  1:18  Probe  
  21  1:30  Probe, Zealot  
  21  1:32  Gateway  
  24  1:34  Cybernetics Core  
  24  1:42  Probe  
  25  1:52  Nexus  
  25  1:57  Zealot  
  25  2:01  Warp Gate  
  25  2:04  Pylon  
  27  2:08  Probe  
  28  2:20  Probe  
  29  2:23  Adept  
  29  2:29  Adept  
  31  2:32  Probe  
  34  2:45  Probe, Pylon  
  35  2:53  Adept  
  35  2:57  Probe  
  38  2:58  Sentry  
  38  3:04  Probe  
  41  3:09  Probe  
  41  3:11  Pylon  
  42  3:14  Adept  
  42  3:16  Probe  
  42  3:19  Robotics Facility  
  42  3:27  Stalker  
  46  3:33  Forge  
  46  3:45  Probe  
  46  3:46  Probe  
  50  3:56  Probe  
  50  3:58  Adept, Probe, Sentry  
  54  4:04  Probe  
  54  4:08  Observer  
  56  4:11  Probe  
  56  4:12  Probe  
  56  4:14  Photon Cannon  
  56  4:15  Photon Cannon  
  58  4:19  Stalker  
  58  4:23  Probe x2  
  61  4:27  Immortal  
  61  4:28  Pylon  
  61  4:30  Stalker  
  68  4:35  Probe x2  
  70  4:39  Robotics Facility  
  70  4:47  Stalker, Probe x2  
  74  4:56  Immortal  
  74  4:59  Pylon, Probe  
  75  5:01  Probe  
  75  5:03  Pylon  
  78  5:09  Stalker, Gateway  
  78  5:10  Probe  
  78  5:12  Adept  
  67  5:24  Probe  
  67  5:25  Probe  
  67  5:27  Twilight Council  
  66  5:32  Adept x2  
  71  5:36  Probe  
  71  5:41  Probe  
  73  5:46  Pylon  
  73  5:48  Probe  
  74  5:52  Zealot  
  74  5:53  Probe, Zealot  
  79  6:00  Sentry  
  81  6:04  Unknown, Probe x2  
  81  6:06  Unknown  
  81  6:09  Templar Archives  
  83  6:12  Pylon, Stalker, Unknown  
  83  6:13  Zealot  
  83  6:14  Probe  
  88  6:23  Sentry  
  90  6:26  Probe  
  90  6:28  Forge, Probe  
  90  6:31  Pylon  
  92  6:33  Adept  
  92  6:35  Stalker  
  92  6:36  Gateway, Probe  
  97  6:46  Adept  
  99  6:49  Probe  
  99  6:50  Probe  
  99  6:53  Zealot  
  103  6:58  Stalker  
  103  6:59  Pylon  
  106  7:01  Probe  
  106  7:04  Photon Cannon  
  106  7:06  High Templar  
  108  7:09  Pylon  
  108  7:14  Probe, Stalker  
  110  7:17  Probe  
  110  7:22  Zealot  
  114  7:27  Zealot  
  114  7:29  Probe  
  117  7:37  Zealot  
  117  7:38  Pylon, Zealot  
  117  7:42  Stargate, High Templar  
  123  7:47  Stalker, Photon Cannon  
  125  7:53  Photon Cannon  
  125  7:56  Probe x2  
  125  7:57  Zealot  
  129  7:58  Zealot  
  129  8:01  Archon  
  129  8:04  Pylon  
  131  8:08  Probe  
  131  8:09  Gateway  
  131  8:10  Zealot, Robotics Facility  
  134  8:13  Forge  
  134  8:14  High Templar  
  134  8:15  Protoss Ground Weapons Level 1  
  134  8:17  Stalker  
  134  8:18  High Templar  
  140  8:20  Probe, Protoss Shields Level 1  
  140  8:23  Charge, Probe  
  142  8:27  Void Ray  
  142  8:30  Pylon, Zealot  
  148  8:35  Photon Cannon, Psionic Storm  
  148  8:38  Archon  
  148  8:41  Stalker  
  150  8:46  Protoss Ground Armor Level 1  
  150  8:48  Probe, High Templar  
  151  8:49  Zealot  
  151  8:50  High Templar  
  157  8:57  Pylon  
  157  9:07  Archon  
  157  9:12  Photon Cannon  
  157  9:15  Zealot, High Templar, Observer  
  157  9:16  High Templar, Observer  
  165  9:18  Gateway  
  165  9:23  Pylon  
  165  9:35  Archon  
  165  9:36  Warp Prism  
  165  9:40  Warp Prism  
  165  9:42  Probe  
  165  9:43  Zealot  
  165  9:44  Zealot  
  173  9:53  Pylon  
  173  9:58  Photon Cannon  
  173  10:03  Blink  
  173  10:10  Robotics Bay, Protoss Ground Weapons Level 2  
  173  10:11  Zealot  
  173  10:12  Zealot  
  173  10:13  Zealot  
  179  10:14  Zealot  
  179  10:21  Pylon  
  181  10:23  Protoss Shields Level 2  
  181  10:39  Stalker x2  
  181  10:40  Stalker  
  181  10:42  Stalker  
  189  10:47  Pylon  
  189  10:50  Protoss Ground Armor Level 2  
  189  10:57  Gravitic Drive  
  189  11:06  Stalker x2  
  189  11:07  Stalker  
  189  11:09  Stalker  
  197  11:13  Pylon, Stalker  
  197  11:15  Stalker  
  189  11:22  Observer  
  189  11:23  Observer, Phoenix  
  189  11:25  Immortal  
  155  11:30  Zealot x2  
  99  11:33  Adept, High Templar  
  99  11:36  Zealot  
  99  11:38  Zealot  
  107  11:40  Immortal  
  107  11:41  Immortal  
  115  11:48  Phoenix  
  115  11:51  Sentry  
  119  11:56  Adept  
  119  11:57  High Templar, Adept  
  119  11:58  High Templar x2  
  129  12:05  Immortal  
  133  12:09  Colossus  
  133  12:13  Void Ray  
  133  12:14  Zealot  
  139  12:18  Adept x2  
  139  12:19  Immortal  
  153  12:22  Archon  
  153  12:24  Archon  
  153  12:29  High Templar  
  155  12:30  Sentry, Stalker  
  155  12:34  High Templar  
  161  12:38  Zealot  
  161  12:39  Zealot  
  161  12:40  Gateway  
  161  12:43  Colossus  
  171  12:51  Probe  
  171  12:52  Archon, Adept  
  171  12:53  High Templar  
  171  12:56  Phoenix  
  171  12:58  Colossus  
  183  12:59  Stalker  
  183  13:00  Zealot  
  183  13:01  Stalker  
  189  13:07  Zealot  
  189  13:08  High Templar  
  193  13:20  Zealot, Phoenix  
  193  13:26  Zealot  
  193  13:27  Zealot x2  
  193  13:28  Zealot  
  193  13:31  Zealot  
  193  13:33  Observer  
  183  13:40  Stalker, Zealot  
  183  13:45  Stalker, Phoenix  
  183  13:47  Zealot  
  175  13:48  Sentry  
  175  13:49  Zealot  
  175  13:51  Observer, Stalker  
  177  14:01  Stalker x2  
  177  14:02  Zealot  
  177  14:05  High Templar  
  157  14:10  Immortal, Phoenix  
  157  14:11  High Templar, Colossus  
  157  14:12  Immortal  
  157  14:14  High Templar  
  157  14:15  High Templar  
  149  14:22  Zealot, Stalker  
  145  14:24  Stalker  
  145  14:29  Archon  
  145  14:35  Phoenix  
  147  14:38  Adept  
  147  14:41  Colossus  
  147  14:42  Zealot  
  147  14:43  High Templar  
  147  14:45  Stalker  
  155  14:48  Stalker x2, Colossus  
  155  14:49  Zealot  
  173  14:58  Sentry  
  175  15:00  Stalker, Void Ray  
  175  15:03  Adept  
  183  15:10  Zealot  
  183  15:13  Zealot  
  183  15:14  Zealot  
  189  15:17  Zealot  
  189  15:19  Archon  
  191  15:22  High Templar  
  193  15:35  Zealot  
  193  15:37  Protoss Ground Weapons Level 3  
  193  15:39  Zealot, Protoss Ground Armor Level 3  
  193  15:40  Zealot  
  193  15:42  Zealot  
  199  15:45  Extended Thermal Lance  
  199  15:48  Archon  
  199  15:51  Fleet Beacon  
  199  15:53  Protoss Shields Level 3  
  199  15:57  High Templar  
  200  16:28  Observer  
  200  16:31  Zealot  
  200  16:32  Zealot  
  197  16:33  Zealot  
  197  16:34  Zealot  
  197  16:35  High Templar  
  197  16:36  Sentry, Zealot  
  187  16:47  Phoenix  
  187  16:51  Stalker  
  187  16:52  Stalker  
  187  16:54  Stalker x2  
  195  16:56  Stalker  
  195  16:57  Anion Pulse-Crystals  
  199  17:25  Gravitic Boosters  
  199  17:51  Zealot  
  199  17:52  Stalker  
  199  17:53  Sentry  
  199  17:54  Sentry  
  199  17:55  Zealot  
  199  17:56  Stalker  
  199  17:57  Zealot  
  193  18:02  Archon  
  193  18:04  Phoenix  
  171  18:06  Stalker  
  171  18:07  Observer  
  171  18:10  Observer  
  149  18:16  Zealot, Observer  
  149  18:18  Adept  
  149  18:19  High Templar, Stalker  
  119  18:20  High Templar x2  
  119  18:26  Stalker  
  119  18:28  Phoenix  
  121  18:36  Stalker  
  121  18:39  High Templar  
  125  18:42  Zealot  
  125  18:46  Archon  
  127  18:49  Zealot  
  127  18:51  Zealot  
  127  18:52  Stalker  
  127  18:53  Stalker, Phoenix  
  137  18:57  Archon  
  137  18:59  Stalker  
  139  19:03  Stalker  
  139  19:06  High Templar  
  139  19:09  Adept  
  145  19:13  Stalker x2  
  145  19:16  Adept  
  151  19:18  Void Ray  
  151  19:23  High Templar  
  157  19:26  Zealot  
  157  19:30  High Templar  
  161  19:32  Stalker  
  161  19:34  Stalker  
  161  19:36  Zealot x2  
  169  19:44  Archon  
  169  19:48  Stalker  
  171  19:57  Adept  
  171  19:58  Stalker  
  171  19:59  High Templar  
  175  20:00  Stalker  
  175  20:01  Zealot, Phoenix  
  175  20:03  Zealot  
  171  20:12  Zealot  
  165  20:14  Zealot  
  165  20:17  High Templar  
  165  20:18  High Templar  
  155  20:24  Sentry  
  155  20:25  Sentry  
  155  20:26  Phoenix  
  159  20:31  Stalker x2  
  159  20:35  Sentry  
  165  20:46  Stalker  
  165  20:47  Stalker  
  165  20:48  Stalker  
  165  20:49  Phoenix  
  171  20:50  Stalker  
  171  20:54  Zealot, Stalker  
  179  20:58  Stalker  
  181  21:06  Void Ray  
  181  21:09  Zealot  
  181  21:10  Zealot  
  185  21:11  Adept, High Templar  
  185  21:14  Stalker  
  185  21:18  Zealot  
  197  21:21  Zealot  
  197  21:25  Zealot  
  198  21:26  Probe  
  198  21:27  Probe  
  198  21:30  Stalker, Photon Cannon  
  198  21:31  Stalker  
  190  21:38  Stalker, Probe  
  190  21:39  Stalker  
  192  21:42  Stalker  
  183  21:55  Probe  
  183  21:56  Zealot  
  183  21:57  Zealot  
  183  21:58  Stalker  
  183  22:00  Pylon  
  182  22:01  Phoenix  
  182  22:02  Stalker x2  
  182  22:03  Stalker  
  182  22:06  Stalker  
  182  22:07  Probe  
  183  22:13  Pylon  
  177  22:17  Stalker  
  177  22:19  Nexus, Probe, Stalker  
  177  22:22  Stalker, Phoenix  
  184  22:23  Photon Cannon  
  184  22:24  Unknown  
  184  22:28  Stalker  
  184  22:29  Unknown  
  176  22:31  Probe  
  176  22:33  High Templar, Sentry  
  176  22:35  Sentry  
  169  22:40  Zealot  
  169  22:42  Photon Cannon  
  169  22:43  Adept  
  155  22:45  Probe  
  155  22:46  Zealot  
  155  22:47  Phoenix  
  154  22:52  Zealot  
  154  22:54  Pylon  
  154  22:57  Stalker  
  154  22:58  Probe, Adept  
  159  23:00  Zealot  
  159  23:04  Zealot  
  159  23:05  Zealot  
  159  23:07  Photon Cannon  
  159  23:09  Stalker  
  159  23:10  Probe  
  159  23:12  Zealot, Void Ray  
  170  23:19  Sentry  
  172  23:20  High Templar  
  172  23:21  Zealot  
  172  23:22  Probe  
  172  23:24  Zealot  
  172  23:25  Stalker  
  181  23:27  Zealot  
  181  23:28  Archon  
  183  23:34  Zealot  
  183  23:38  Adept  
  187  23:44  High Templar  
  187  23:45  Probe  
  187  23:46  Probe  
  187  23:48  Zealot  
  187  23:49  Zealot, Stalker  
  187  23:52  High Templar  
  187  23:55  High Templar, Void Ray  
  179  23:56  Stalker  
  179  23:57  Probe  
  179  24:00  Probe  
  173  24:06  Observer  
  153  24:11  Observer, Probe  
  153  24:12  Probe  
  153  24:14  Zealot x2  
  153  24:15  Zealot  
  153  24:17  Stalker  
  141  24:18  Observer  
  141  24:19  Stalker  
  141  24:23  Colossus  
  133  24:24  Sentry  
  133  24:27  Probe, Adept  
  133  24:28  Immortal  
  133  24:29  Colossus  
  133  24:30  Probe  
  125  24:34  Stalker  
  125  24:35  Stalker  
  125  24:37  Stalker  
  120  24:38  Void Ray  
  120  24:40  High Templar  
  120  24:43  Zealot  
  120  24:45  Probe  
  128  24:47  Zealot  
  128  24:48  Stalker  
  125  24:57  Probe  
  125  24:59  Zealot x2  
  119  25:00  Zealot  
  119  25:03  Stalker  
  119  25:05  Pylon  
  123  25:07  Immortal  
  123  25:08  Stalker  
  123  25:09  Probe  
  123  25:11  Adept  
  129  25:14  Zealot  
  129  25:17  Observer  
  121  25:21  Void Ray, Sentry, Probe  
  121  25:22  High Templar  
  121  25:23  Immortal  
  121  25:25  Zealot  
  121  25:26  Zealot  
  121  25:27  Pylon  
  126  25:30  Zealot  
  126  25:32  High Templar  
  126  25:34  Probe  
  126  25:35  Sentry, Observer  
  104  25:44  Stalker, Adept  
  104  25:46  Probe, High Templar  
  78  25:58  Probe, High Templar  
  57  26:05  Zealot  
  57  26:06  High Templar  
  8  26:19  Sentry  
  8  26:22  Nexus  
  6  26:29  Pylon  
  4  26:34  Pylon  
  1  27:10  Pylon  
  1  27:21  Nexus  
  1  27:25  Unknown  
  1  27:48  Pylon  
Tags
 
Add a new tag
Caveats
  • Supply blocks, unpowered buildings, or Contaminate may cause inaccurate times.
  • Supply counts are checked every 10 seconds.